Map: [ESL] Site Delta

Players

DKZherO (herO) - Winner!

  • Race: Protoss Protoss
  • League: Grandmaster
  • Spawn Location: 5:00

ONSYDESolar (Solar)

  • Race: Zerg Zerg
  • League: Master
  • Spawn Location: 11:00

VOD

Have the link to the VOD?

Description

Time

  • Played on: Dec. 29, 2023, 6:17 a.m.
  • Length: 13:30
Show
View Real Time Build Order
Export as new Build Order

DKZherO Protoss - Winner!

Build Orders: 1 Gate Expand, Mass Adepts 

Get SALT Encoding   

  12  0:00  Probe  
  13  0:12  Probe  
  14  0:19  Pylon  
  14  0:24  Probe  
  15  0:37  Probe (Chrono Boost)  
  15  0:41  Gateway  
  16  0:47  Probe (Chrono Boost)  
  17  0:50  Assimilator  
  17  0:52  Probe (Chrono Boost)  
  18  1:03  Probe  
  19  1:15  Probe  
  20  1:27  Nexus  
  20  1:36  Cybernetics Core  
  20  1:39  Probe  
  21  1:44  Assimilator  
  21  1:51  Probe  
  22  1:54  Pylon  
  22  2:03  Probe (Chrono Boost)  
  23  2:12  Adept, Warp Gate  
  23  2:15  Probe (Chrono Boost)  
  26  2:23  Probe (Chrono Boost)  
  26  2:26  Twilight Council  
  26  2:29  Probe (Chrono Boost)  
  28  2:40  Probe (Chrono Boost)  
  28  2:41  Probe (Chrono Boost)  
  28  2:42  Stalker  
  32  2:48  Probe x2 (Chrono Boost)  
  34  2:53  Probe (Chrono Boost)  
  34  2:56  Probe  
  36  2:59  Resonating Glaives (Chrono Boost)  
  36  3:05  Probe  
  37  3:07  Gateway  
  37  3:08  Probe  
  37  3:12  Adept  
  40  3:17  Gateway  
  40  3:21  Probe x2  
  40  3:26  Gateway  
  42  3:32  Gateway  
  42  3:34  Pylon  
  42  3:36  Probe  
  42  3:37  Probe  
  44  3:46  Pylon  
  44  3:48  Probe  
  45  3:49  Probe  
  46  4:01  Adept  
  48  4:04  Adept  
  48  4:05  Pylon  
  50  4:12  Nexus  
  50  4:23  Adept x3  
  50  4:24  Adept  
  58  4:27  Adept  
  58  4:28  Probe x2  
  62  4:34  Assimilator  
  62  4:35  Pylon  
  62  4:37  Pylon  
  62  4:40  Probe  
  62  4:41  Probe  
  64  4:49  Adept x3  
  70  4:56  Adept x2  
  70  4:57  Probe x2  
  62  5:04  Robotics Facility  
  58  5:07  Assimilator  
  58  5:09  Probe  
  58  5:13  Probe  
  60  5:22  Adept x5  
  60  5:25  Probe (Chrono Boost)  
  60  5:26  Probe (Chrono Boost)  
  72  5:28  Probe (Chrono Boost)  
  72  5:34  Robotics Facility  
  73  5:37  Probe x2 (Chrono Boost)  
  73  5:38  Probe (Chrono Boost)  
  73  5:42  Probe x2 (Chrono Boost)  
  76  5:44  Probe  
  76  5:46  Shield Battery  
  79  5:54  Probe  
  79  5:55  Probe  
  79  5:56  Probe  
  82  6:00  Immortal (Chrono Boost)  
  86  6:04  Pylon  
  86  6:08  Blink, Pylon  
  86  6:11  Probe  
  87  6:12  Probe x2  
  87  6:13  Assimilator  
  87  6:17  Sentry  
  87  6:18  Sentry x2  
  95  6:22  Gateway  
  95  6:23  Gateway  
  96  6:28  Observer (Chrono Boost)  
  96  6:30  Immortal (Chrono Boost)  
  100  6:33  Forge  
  100  6:42  Immortal  
  100  6:46  Stalker x3  
  110  6:49  Pylon  
  110  6:53  Gateway  
  110  6:57  Gateway, Probe  
  110  6:58  Probe x2  
  110  7:00  Assimilator  
  113  7:11  Protoss Ground Weapons Level 1 (Chrono Boost)  
  113  7:12  Stalker x2  
  113  7:13  Pylon  
  115  7:19  Warp Prism (Chrono Boost)  
  115  7:20  Immortal (Chrono Boost)  
  113  7:27  Stalker  
  113  7:28  Stalker x2  
  123  7:33  Observer  
  123  7:34  Probe  
  124  7:37  Pylon  
  124  7:42  Stalker x2  
  128  7:45  Pylon x2  
  128  7:50  Immortal  
  132  7:55  Immortal  
  136  8:00  Stalker  
  136  8:01  Stalker  
  134  8:10  Stalker  
  134  8:11  Stalker x3  
  118  8:32  Adept x3  
  124  8:34  Pylon  
  124  8:35  Pylon  
  124  8:41  Nexus  
  124  8:43  Shield Battery  
  124  8:46  Immortal x2  
  132  8:50  Robotics Bay  
  132  8:56  Stalker x2  
  132  8:57  Sentry x2, Adept  
  126  9:15  Stalker x2  
  112  9:21  Stalker x5  
  105  9:43  Nexus  
  105  9:49  Colossus (Chrono Boost)  
  105  9:50  Colossus (Chrono Boost)  
  105  9:51  Extended Thermal Lance  
  109  9:54  Pylon  
  115  10:01  Sentry x2  
  115  10:02  Zealot x4, Sentry  
  115  10:05  Zealot  
  115  10:06  Sentry  
  133  10:13  Pylon  
  133  10:14  Shield Battery  
  133  10:17  Protoss Ground Armor Level 1 (Chrono Boost)  
  133  10:32  Colossus (Chrono Boost)  
  133  10:33  Zealot x7  
  152  10:37  Stalker x2  
  130  10:55  Stalker  
  130  10:56  Stalker x4  
  120  11:19  Stalker x7  
  130  11:46  Stalker x4  
  134  11:47  Stalker x4  
  117  12:11  Stalker x5  
  111  12:23  Stalker x4  
  116  12:36  Stalker x4  
  120  12:46  Stalker x2  
  120  12:47  Stalker  
  98  13:00  Stalker x2  
  98  13:05  Sentry x3  
  107  13:17  Zealot x4  
Show
View Real Time Build Order
Export as new Build Order

ONSYDESolar Zerg 

Build Orders: Hatch First 

Get SALT Encoding   

  12  0:00  Drone  
  13  0:12  Overlord  
  13  0:16  Drone  
  14  0:30  Drone x2  
  16  0:49  Hatchery  
  15  0:52  Drone  
  15  0:55  Drone  
  17  0:58  Drone  
  18  1:09  Extractor  
  17  1:15  Spawning Pool  
  16  1:20  Drone  
  16  1:22  Drone  
  18  1:29  Drone  
  19  1:38  Drone  
  20  1:49  Overlord  
  20  2:01  Queen x2  
  20  2:02  Zergling x2  
  20  2:04  Zergling x2  
  26  2:13  Metabolic Boost  
  27  2:15  Drone x2  
  29  2:22  Drone  
  29  2:23  Drone  
  30  2:41  Hatchery  
  29  2:44  Queen  
  29  2:48  Drone  
  32  2:52  Overlord  
  32  2:56  Drone x2  
  35  2:58  Drone  
  35  3:00  Drone  
  36  3:09  Queen  
  36  3:11  Drone  
  39  3:15  Drone x2  
  39  3:18  Drone  
  42  3:21  Overlord  
  42  3:23  Drone  
  42  3:26  Drone  
  44  3:38  Queen, Overlord  
  44  3:41  Drone  
  47  3:42  Zergling x2  
  47  3:48  Roach Warren  
  47  3:49  Drone  
  47  3:52  Drone  
  49  3:59  Zergling x14  
  56  4:04  Overlord  
  56  4:08  Zergling x2  
  56  4:09  Drone  
  57  4:19  Zergling x10  
  57  4:20  Spore Crawler  
  57  4:21  Spore Crawler  
  57  4:22  Drone  
  61  4:27  Overlord  
  61  4:30  Roach  
  61  4:31  Roach x2  
  65  4:32  Roach  
  65  4:37  Extractor, Roach  
  70  4:39  Zergling x6  
  70  4:43  Overlord  
  73  4:48  Roach  
  73  4:51  Zergling x4  
  73  4:52  Zergling x2  
  76  4:54  Zergling x8  
  76  4:56  Zergling x4  
  76  4:57  Zergling x2  
  76  5:01  Drone  
  76  5:05  Drone x4  
  80  5:08  Drone  
  80  5:16  Roach  
  80  5:17  Zergling x2, Lair  
  80  5:20  Drone  
  84  5:23  Drone x3  
  84  5:25  Extractor  
  84  5:26  Overlord  
  86  5:28  Drone  
  86  5:30  Drone  
  86  5:33  Evolution Chamber  
  87  5:37  Drone x2  
  87  5:38  Overlord  
  87  5:39  Overlord  
  87  5:42  Overlord  
  89  5:46  Drone  
  90  5:51  Roach  
  90  5:52  Roach x2  
  90  5:54  Zergling x2  
  97  5:58  Zergling x4  
  97  6:00  Overlord  
  97  6:01  Drone x2  
  101  6:04  Drone  
  101  6:05  Drone  
  101  6:06  Drone  
  101  6:09  Drone  
  101  6:11  Drone x3  
  108  6:14  Glial Reconstitution  
  108  6:17  Overseer  
  108  6:18  Drone x2, Overseer  
  110  6:21  Drone x2  
  112  6:26  Zerg Missile Weapons Level 1  
  112  6:28  Overlord  
  112  6:29  Extractor x2  
  110  6:35  Drone  
  111  6:45  Overlord  
  111  6:48  Roach x6  
  111  6:49  Hatchery  
  111  6:50  Drone x3  
  111  6:52  Drone  
  111  6:54  Drone  
  127  6:55  Drone x2  
  127  6:59  Overlord  
  127  7:01  Overlord  
  129  7:02  Roach  
  129  7:03  Extractor  
  129  7:04  Roach  
  129  7:08  Roach x3  
  138  7:13  Overlord  
  137  7:16  Roach  
  137  7:20  Roach x2  
  137  7:22  Overlord  
  139  7:23  Overlord  
  139  7:28  Roach x4  
  147  7:34  Overlord  
  147  7:35  Ravager x5  
  152  7:38  Zergling x12  
  152  7:40  Ravager  
  152  7:42  Zergling x4  
  161  7:46  Ravager  
  161  7:49  Roach x3  
  167  7:52  Zergling x6  
  170  7:59  Roach  
  170  8:00  Roach x2  
  170  8:03  Roach  
  176  8:10  Zergling x8  
  161  8:13  Roach x2  
  161  8:18  Roach  
  150  8:21  Roach x2  
  150  8:23  Roach x3  
  154  8:29  Roach x4  
  154  8:32  Zergling x2  
  154  8:33  Zergling x6  
  166  8:34  Overlord  
  166  8:40  Ravager x4  
  166  8:41  Zergling x2, Ravager  
  171  8:42  Zergling x2  
  171  8:44  Zergling x2  
  171  8:45  Zergling x2  
  171  8:47  Ravager  
  171  8:48  Overseer  
  176  8:50  Zergling x4  
  176  8:55  Overlord  
  178  8:56  Roach x6  
  178  9:00  Zergling x4  
  166  9:10  Roach x5  
  166  9:14  Roach x2  
  153  9:19  Roach  
  153  9:21  Ravager  
  153  9:23  Roach x6  
  161  9:30  Roach x4  
  160  9:33  Roach  
  160  9:38  Zergling x4, Zerg Melee Weapons Level 1  
  162  9:44  Zergling x4  
  152  9:46  Roach x2  
  152  9:49  Roach x2  
  152  9:50  Roach x6  
  152  9:51  Zergling x4  
  159  9:57  Ravager  
  159  9:58  Ravager  
  159  9:59  Zergling x10  
  166  10:01  Zergling x2  
  166  10:02  Overlord  
  166  10:03  Ravager  
  168  10:10  Zergling x6  
  169  10:14  Ravager  
  169  10:15  Ravager  
  169  10:16  Zergling x2  
  169  10:19  Zergling x8  
  175  10:22  Zergling x4  
  175  10:24  Ravager  
  175  10:25  Ravager x2  
  175  10:26  Zergling x8  
  184  10:29  Overseer  
  184  10:30  Zergling x12  
  189  10:39  Roach x4  
  189  10:40  Ravager x2  
  186  10:43  Roach x2  
  167  10:51  Roach  
  167  10:52  Roach x4  
  159  10:59  Roach x5  
  159  11:01  Zergling x14  
  164  11:04  Roach  
  164  11:07  Roach  
  164  11:10  Roach  
  144  11:15  Roach x5  
  145  11:19  Roach  
  145  11:23  Roach  
  146  11:26  Zergling x4  
  146  11:28  Ravager  
  146  11:29  Drone x2  
  148  11:35  Roach x3  
  148  11:39  Queen, Ravager  
  146  11:40  Ravager  
  146  11:41  Zergling x4  
  146  11:44  Ravager  
  146  11:45  Ravager, Roach x2  
  149  11:53  Roach x7  
  151  11:58  Zergling x18  
  151  12:04  Roach x2  
  142  12:09  Roach  
  142  12:10  Roach  
  128  12:17  Roach x3  
  128  12:19  Ravager  
  128  12:21  Roach x4  
  136  12:25  Roach x2  
  136  12:26  Queen  
  139  12:31  Roach x2  
  139  12:35  Roach  
  135  12:37  Ravager  
  135  12:39  Roach  
  135  12:43  Roach  
  134  12:47  Queen  
  134  12:48  Roach  
  125  12:51  Roach x2  
  107  12:59  Roach x4  
  107  13:03  Roach x2  
  107  13:05  Ravager  
  119  13:06  Roach  
Tags
 
Add a new tag
Caveats
  • Supply blocks, unpowered buildings, or Contaminate may cause inaccurate times.
  • Supply counts are checked every 10 seconds.